 Dungeon Crawl Stone Soup version 0.29-a0-91-gdebf4667c2 (webtiles) character file.

Game seed: 8040078526534609004

2 funaii the Chopper (level 1, 0/19 HPs)
             Began as a Minotaur Berserker on Feb 8, 2022.
             Was a Follower of Trog.
             Slain by a hobgoblin (1 damage)
             ... on level 1 of the Dungeon.
             The game lasted 00:01:44 (174 turns).

funaii the Chopper (Minotaur Berserker)              Turns: 174, Time: 00:01:45

Health: 0/19       AC:  2    Str: 21    XL:     1   Next: 25%
Magic:  0/0        EV: 12    Int:  4    God:    Trog [*.....]
Gold:   7          SH:  0    Dex:  9    Spells: 0/0 levels left

rFire   . . .      SeeInvis .   a - +0 hand axe
rCold   . . .      Faith    .   (no shield)
rNeg    . . .      Spirit   .   b - +0 animal skin
rPois   .          Reflect  .   (helmet restricted)
rElec   .          Harm     .   (no cloak)
rCorr   .          Rampage  .   (no gloves)
Will    .....                   (no boots)
Stlth   +.........              (no amulet)
HPRegen 0.06/turn               (no ring)
MPRegen 0.07/turn               (no ring)

@: no status effects
A: horns 2, retaliatory headbutt
a: Renounce Religion, Berserk


You were on level 1 of the Dungeon.
You worshipped Trog.
Trog was aware of your devotion.
You visited 1 branch of the dungeon, and saw 1 of its levels.

You collected 7 gold pieces.

Inventory:

Hand Weapons
 a - a +0 hand axe (weapon)
Armour
 b - a +0 animal skin (worn)
Potions
 c - a potion of degeneration {unknown}


   Skills:
 + Level 3.6 Fighting
 + Level 3.7 Axes
 + Level 2.6 Armour
 + Level 2.1 Dodging


You couldn't memorise any spells.
You didn't know any spells.
Your spell library was empty.

Dungeon Overview and Level Annotations

Branches:
Dungeon (1/15)

Altars:


Innate Abilities, Weirdness & Mutations

You have a pair of horns on your head.
You reflexively headbutt those who attack you in melee.


Message History

You hit the bush but do no damage. You headbutt the bush!
The bush is moderately damaged.
You hit the bush.
The bush is moderately damaged.
You hit the bush but do no damage. You headbutt the bush!
The bush is moderately damaged.
You hit the bush but do no damage.
The bush is moderately damaged.
You hit the bush.
The bush is moderately damaged.
You hit the bush but do no damage.
The bush is moderately damaged.
Found 25 stones.
HP restored.
Found 26 stones.
A hobgoblin, a kobold and a rat come into view.
Found a golden potion.
The hobgoblin shouts!
The kobold shouts!
You hear a shout!
The rat moves out of view.
You hit the kobold.
The kobold is moderately wounded.
The kobold hits you with a +0 whip. x2
The kobold hits you with a +0 whip.
You hit the kobold but do no damage.
The kobold is moderately wounded.
You hit the bush but do no damage. x2; You hit the hobgoblin but do no damage.
The hobgoblin closely misses you. The kobold hits you with a +0 whip.
The hobgoblin barely misses you.
You barely miss the kobold.
The kobold is moderately wounded.
You hit the bush. x2; You closely miss the hobgoblin.
The kobold hits you with a +0 whip.
* * * LOW HITPOINT WARNING * * *
The hobgoblin hits you but does no damage.
You hit the kobold.
You kill the kobold!
Trog accepts your kill.
You hit the hobgoblin but do no damage. You hit the bush but do no damage. x2
The hobgoblin hits you.
You die... ..## #.... ..# ###.... ♣.########## ......
PP..........

#.... ♣P♣..########
#.... ♣ ♣..##
###...P♣♣♣ ♣♣P..#
#(....gPP♣♣♣♣.P..#
#.....)@♣♣♣P...#.......
#.....#...♣♣PP.###.....
#.... ##..P.P.## .....
#!.. ##.....# .... ...
###...# ##(# ## #..##
.# ..## .♣## .♣


You could see a hobgoblin.

Vanquished Creatures
  A giant cockroach (D:1)
  A kobold (D:1)
  A frilled lizard (D:1)
3 creatures vanquished.

Vanquished Creatures (others)
  3 fungi (D:1)
  4 plants (D:1)
7 creatures vanquished.

Grand Total: 10 creatures vanquished

Notes
Turn   | Place    | Note
-------+----------+-------------------------------------------
     0 | D:1      | funaii the Minotaur Berserker began the quest for the Orb.
     0 | D:1      | Reached XP level 1. HP: 19/19 MP: 0/0
    12 | D:1      | Found a faded altar of an unknown god.
   174 | D:1      | Slain by a hobgoblin

Illustrated notes

Levels and vault maps discovered:
D:1:      tarquinn_simple_flora_water_e, layout_basic, serial_forest,
          infiniplex_forest_fountain, infiniplex_forest_clump_large,
          infiniplex_forest_zigzag_2, infiniplex_forest_end_1,
          infiniplex_forest_clump_curved, infiniplex_forest_clump_diagonal,
          infiniplex_forest_zigzag_1, serial_shops, nicolae_shop_behind_doors,
          shapermc_ecumenical_altar_ellora

Action                   || total
-------------------------++-------
Melee: Hand axe          ||    38
       Headbutt          ||    10
       Punch             ||     1
Armor: Animal skin       ||     3
Dodge: Dodged            ||     5

Table legend: (Time is in decaauts)
 A = Elapsed time spent in this place.
 B = Non-inter-level travel time spent in this place.
 C = Inter-level travel time spent in this place.
 D = Time resting spent in this place.
 E = Time spent auto-exploring this place.
 F = Levels seen in this place.
 G = Mean time per level.
                   A        B        C        D        E       F      G
               +--------+--------+--------+--------+--------+-----+--------+
         Total |    178 |    152 |     26 |      0 |      0 |   1 |  178.0 |
       Dungeon |    178 |    152 |     26 |      0 |      0 |   1 |  178.0 |
               +--------+--------+--------+--------+--------+-----+--------+

Top non-repeatable levels by time:
     D:1: 178 daAuts
